 Dungeon Crawl Stone Soup version 0.15-a0-1004-gbf4e2e6 (webtiles) character file.

86 HungrySpirit the Cudgeler (level 4, 0/23 HPs)
             Began as a Vine Stalker Skald on May 25, 2014.
             Killed by divine providence
             ... invoked by an orc priest
              (7 damage)
             ... on Level 3 of the Dungeon.
             The game lasted 00:03:17 (1418 turns).

HungrySpirit the Cudgeler (Vine Stalker Skald)      Turns: 1418, Time: 00:03:17

HP   0/23        AC  8     Str 15      XL: 4   Next: 50%
MP   0/8         EV  9     Int 12      God:
Gold 90          SH  0     Dex 14      Spells:  1 memorised,  6 levels left

rFire  . . .     SeeInvis .     i - +0,+2 mace (drain)
rCold  . . .     Clarity  .     k - +2 ring mail
rNeg   . . .     Conserve .     (no shield)
rPois  .         rCorr    .     p - +0 helmet
rElec  .         rRot     +     (no cloak)
SustAb .         Spirit   +     (no gloves)
rMut   .         Warding  .     (no boots)
Gourm  .         Stasis   .     (no amulet)
MR     .....                    (no ring)
                                (no ring)

@: not resistant to hostile enchantments, very unstealthy
A: fangs 2, regeneration 1, magic shield, antimagic bite, no device heal 3, rot
immunity
a: no special abilities


You were on level 3 of the Dungeon.
You were hungry.

You visited 1 branch of the dungeon, and saw 3 of its levels.

You collected 90 gold pieces.

Inventory:

Hand weapons
 i - a +0,+2 mace of draining (weapon)
Armour
 k - a +2 ring mail (worn)
 p - a +0 helmet (worn)
 t - a +2 shield
Comestibles
 d - a bread ration
 l - a sausage
Scrolls
 b - 2 scrolls of fog {unknown}
 e - a scroll of remove curse {unknown}
 g - a scroll of noise {unknown}
 h - a scroll of random uselessness {unknown}
 j - 2 scrolls of identify {unknown}
 n - a scroll of enchant weapon II {unknown}
 q - a scroll of blinking {unknown}
 r - a scroll of fear {unknown}
 s - a scroll of enchant armour {unknown}
Potions
 a - a potion of curing {unknown}
 f - 2 potions of agility {unknown}
 m - a potion of brilliance {unknown}
 o - a potion of heal wounds {unknown}
Books
 c - a book of Battle

   Spells                             Type                      Level
   *Infusion                          Charms                       1
   Shroud of Golubria                 Charms/Translocation         2
   Song of Slaying                    Charms                       2
   Spectral Weapon                    Hexes/Charms                 3
   Regeneration                       Charms/Necromancy            3


   Skills:
 - Level 1.7 Fighting
 + Level 4.1 Maces & Flails
 - Level 0.7 Armour
 - Level 0.7 Dodging
 - Level 2.1 Spellcasting
 - Level 3.0 Charms


You had 6 spell levels left.
You knew the following spells:

 Your Spells              Type           Power        Failure   Level  Hunger
a - Infusion              Chrm           #.....       12%         1    ##.....


Dungeon Overview and Level Annotations

Branches:
Dungeon (3/15)

Altars:
Ashenzari

Annotations:
D:2 Sigmund


Innate Abilities, Weirdness & Mutations

You have extremely sharp teeth.
Your natural rate of healing is unusually fast.
When hurt, damage is shared between your health and your magic reserves.
Your bite disrupts and absorbs the magic of your enemies.
Potions and wands cannot restore your health.
You are immune to rotting.


Message History

You kill the orc!
The orc hits you but does no damage.
An orc and an orc priest come into view.
You hit the orc. You drain the orc!
You kill the orc!
The orc hits you but does no damage.
You closely miss the orc. You bite the orc, but do no damage.
The orc hits you but does no damage.
An orc comes into view.
You hit the orc. You drain the orc!
You kill the orc!
A hobgoblin and an orc come into view.
The hobgoblin shouts!
The orc shouts!
The orc priest mumbles some strange prayers to Beogh against you.
Something smites you!
You hit the orc but do no damage. You drain the orc! Your bite misses the orc.
The orc hits you with a short sword.
The orc priest mumbles some strange prayers to Beogh against you.
Something smites you!
You die...

... ....#
#.og# #.o.#
#..o# #o..#
#.o.# #.o)#
#.@)#
..........#
##########


You could see an orc priest, 5 orcs and a hobgoblin.

Vanquished Creatures
  3 adders (D:2)
  6 giant geckos
  3 orcs (D:3)
  A ball python (D:1)
  7 goblins
  10 hobgoblins
  5 kobolds
  4 bats
  2 giant cockroaches
  6 giant newts
  A quokka (D:2)
  6 rats
54 creatures vanquished.

Notes
Turn   | Place    | Note
--------------------------------------------------------------
     0 | D:1      | HungrySpirit, the Vine Stalker Skald, began the quest for the Orb.
     0 | D:1      | Reached XP level 1. HP: 11/11 MP: 3/3
   241 | D:1      | Reached XP level 2. HP: 8/15 MP: 5/5
   481 | D:1      | Found a shattered altar of Ashenzari.
   502 | D:1      | Reached XP level 3. HP: 18/18 MP: 7/7
   835 | D:2      | Noticed Sigmund
  1155 | D:2      | Reached XP level 4. HP: 14/23 MP: 8/8
  1288 | D:2      | Reached skill level 4 in Maces & Flails
  1418 | D:3      | Killed from afar by an orc priest

Action                   |  1- 3 |  4- 6 || total
-------------------------+-------+-------++-------
Melee: Mace              |   110 |    19 ||   129
